 Dungeon Crawl Stone Soup version 0.24.0-123-gd5b16e6ec5 (webtiles) character file.

Game seed: 6188355508182079272, levelgen mode: deterministic

1185 Elellon the Cleaver (level 8, -4/67 HPs)
             Began as a Hill Orc Fighter on Jan 13, 2020.
             Slain by a gargoyle
             ... wielding a +0 mace
              (5 damage)
             ... on level 6 of the Dungeon.
             The game lasted 00:06:49 (5162 turns).

Elellon the Cleaver (Hill Orc Fighter)              Turns: 5162, Time: 00:06:50

Health: -4/67      AC: 13    Str: 21    XL:     8   Next: 42%
Magic:  8/8        EV:  4    Int:  8    God:
Gold:   255        SH:  9    Dex: 10    Spells: 7/7 levels left

rFire    . . .     SeeInvis .   a - +0 war axe
rCold    . . .     Gourm    .   c - +0 shield
rNeg     . . .     Faith    .   s - +0 plate armour
rPois    .         Spirit   .   m - +0 helmet
rElec    .         Reflect  .   (no cloak)
rCorr    .         Harm     .   (no gloves)
MR       .....                  (no boots)
Stlth    ..........             (no amulet)
HPRegen  0.21/turn              (no ring)
MPRegen  0.11/turn              (no ring)

@: no status effects
A: no striking features
a: no special abilities


You were on level 6 of the Dungeon.
You were not hungry.

You visited 1 branch of the dungeon, and saw 6 of its levels.

You collected 255 gold pieces.

Inventory:

Hand Weapons
 a - a +0 war axe (weapon)
Armour
 b - a +0 scale mail
 c - a +0 shield (worn)
 m - a +0 helmet (worn)
 s - a +0 plate armour (worn)
Jewellery
 l - an uncursed ring of positive energy {unknown}
Wands
 w - a wand of enslavement (6)
Scrolls
 e - 7 scrolls of identify {unknown}
 g - a scroll of fear {unknown}
 h - 4 scrolls of immolation {unknown}
 k - a scroll of amnesia {unknown}
 n - 3 scrolls of remove curse {unknown}
 o - 3 scrolls of blinking {unknown}
 p - a scroll of enchant weapon {unknown}
 q - 3 scrolls of enchant armour {unknown}
 r - 5 scrolls of teleportation {unknown}
 x - a scroll of noise {unknown}
 y - a scroll of magic mapping {unknown}
Potions
 d - a potion of might
 i - a potion of lignification {unknown}
 j - a potion of curing {unknown}
 t - 2 potions of haste {unknown}
 u - 3 potions of degeneration {unknown}
 v - a potion of agility {unknown}
 z - a potion of resistance {unknown}
 A - a potion of heal wounds {unknown}
 B - a potion of magic {unknown}
 C - 3 potions of flight {unknown}
 E - a potion of ambrosia {unknown}
Comestibles
 f - 7 rations
 D - a chunk of flesh


   Skills:
 + Level 4.7 Fighting
 * Level 11.4 Axes
 + Level 4.3 Armour
 + Level 4.3 Shields


You had 7 spell levels left.
You didn't know any spells.
Your spell library contained the following spells:

 Spells                   Type           Power        Failure   Level  Hunger
 Confusing Touch          Hex            #.....       100%        1    ##.....
 Magic Dart               Conj           #...         100%        1    ##.....
 Blink                    Tloc           N/A          100%        2    ###....
 Call Imp                 Summ           #.......     100%        2    ###....
 Slow                     Hex            #.......     100%        2    ###....
 Confuse                  Hex            #.......     100%        3    ####...
 Conjure Flame            Conj/Fire      #.......     100%        3    ####...
 Gell's Gravitas          Tloc           #.........   100%        3    ####...
 Mephitic Cloud           Conj/Pois/Air  #.......     100%        3    ####...
 Petrify                  Tmut/Erth      #.......     100%        4    #####..
 Metabolic Englaciation   Hex/Ice        #.........   100%        5    ######.
 Yara's Violent Unravell  Hex/Tmut       #.........   100%        5    ######.


Dungeon Overview and Level Annotations

Branches:
Dungeon (6/15)
 Temple: D:4-7

Altars:
Dithmenos
Gozag
Hepliaklqana
Makhleb
Trog
Vehumet
Wu Jian
Xom
Zin


Message History

The hound bites you but does no damage. The gargoyle hits you with a +0 mace.
* * * LOW HITPOINT WARNING * * *
The hound bites you but does no damage.
You hit the gargoyle but do no damage.
The gargoyle is almost destroyed.
Your shield and plate armour prevent you from hitting the hound.
The hound bites you but does no damage.
The gargoyle hurls a stone arrow at you.
You block the stone arrow.
Unknown command.
You hit the gargoyle but do no damage.
The gargoyle is almost destroyed.
You hit the hound.
You kill the hound!
The gargoyle hits you with a +0 mace.
* * * LOW HITPOINT WARNING * * *
You hit the gargoyle but do no damage.
The gargoyle is almost destroyed.
The gargoyle hits you with a +0 mace.
You die...

###..........<...>
#...............)
##.<#............
#..#............
....).......!..(.
............##.##
....##.......[$#
...#....†..#....
...#..#@9...... ..
#........###
#............
##...#....... ##.#
####### ##


You could see a gargoyle.

Vanquished Creatures
  Edmund (D:4)
  A phantom (D:4)
  2 ogres (D:6)
  A centaur (D:5)
  A bullfrog (D:6)
  A water moccasin zombie (D:6)
  2 scorpions
  A crimson imp (D:6)
  2 hounds
  2 orc priests (D:3)
  2 iguanas
  3 worker ants
  2 hound skeletons
  4 adders
  7 gnolls
  An ooze (D:1)
  2 adder zombies (D:6)
  A worm (D:2)
  6 leopard geckos
  10 orcs
  2 ball pythons (D:2)
  2 giant cockroaches
  9 hobgoblins
  14 jackals
  3 kobolds
  4 quokkas
  6 bats
  8 frilled lizards
  11 goblins
  A jackal skeleton (D:4)
  12 rats
124 creatures vanquished.

Notes
Turn   | Place    | Note
-------+----------+-------------------------------------------
     0 | D:1      | Elellon the Hill Orc Fighter began the quest for the Orb.
     0 | D:1      | Reached XP level 1. HP: 19/19 MP: 1/1
    55 | D:1      | Reached skill level 3 in Axes
    60 | D:1      | Reached XP level 2. HP: 23/26 MP: 2/2
   129 | D:1      | Reached skill level 4 in Axes
   315 | D:1      | Reached XP level 3. HP: 30/31 MP: 3/3
   745 | D:2      | Found a radiant altar of Vehumet.
   757 | D:2      | Reached skill level 5 in Axes
   952 | D:2      | Found a shadowy altar of Dithmenos.
   952 | D:2      | Found an ornate altar of the Wu Jian Council.
  1166 | D:2      | Reached XP level 4. HP: 37/39 MP: 4/4
  1499 | D:2      | Reached skill level 6 in Axes
  1750 | D:3      | Reached XP level 5. HP: 45/45 MP: 5/5
  2033 | D:3      | Reached skill level 7 in Axes
  2259 | D:3      | Reached skill level 8 in Axes
  2259 | D:3      | Reached XP level 6. HP: 49/51 MP: 6/6
  2426 | D:4      | Noticed Edmund
  2426 | D:4      | Noticed a phantom
  2448 | D:4      | Killed Edmund
  2448 | D:4      | Reached skill level 9 in Axes
  2642 | D:4      | Killed a phantom
  2642 | D:4      | Reached XP level 7. HP: 40/57 MP: 7/7
  2775 | D:4      | Reached skill level 10 in Axes
  3334 | D:3      | Found an opulent altar of Gozag.
  3334 | D:3      | Found a bloodstained altar of Trog.
  3337 | D:3      | Found a shimmering altar of Xom.
  3363 | D:5      | Entered Level 5 of the Dungeon
  3376 | D:5      | Found a hazy altar of Hepliaklqana.
  3724 | D:5      | Found a glowing silver altar of Zin.
  4451 | D:6      | Reached XP level 8. HP: 45/66 MP: 8/8
  4564 | D:6      | Reached skill level 11 in Axes
  5002 | D:6      | Found a burning altar of Makhleb.
  5139 | D:6      | Noticed a gargoyle
  5161 | D:6      | HP: 1/67 [gargoyle/+0 mace (5)]
  5162 | D:6      | Slain by a gargoyle

Levels and vault maps discovered:
D:1:      eino_arrival_cavern_b, layout_rooms
D:2:      minmay_angry_zag, layout_loops_ring, lemuel_round_altar,
          grunt_temple_overflow_open
D:3:      layout_rooms, nicolae_overflow_hidden_temple, first_ration
D:4:      layout_rooms, minmay_misc_feat_tower, grunt_ministairs_3, uniq_edmund
D:5:      layout_loops_corners, lemuel_crystal_altar, lemuel_crystal_altar
D:6:      layout_cave_pools, old_standard_altar, serial_column_ruins,
          column_ruins_hut_ruined, column_ruins_square_medium,
          column_ruins_open_tiny, column_ruins_grid_3,
          column_ruins_corridor_straight, column_ruins_open_tiny

Skill      XL: |  1  2  3  4  5  6  7  8 |
---------------+-------------------------+-----
Axes           | 3 4 5 6 8 9 10 11 | 11.4
Fighting       | 4 |  4.7
Armour         | 4 |  4.3
Shields        | 4 |  4.3

Action                   |  1- 3 |  4- 6 |  7- 9 || total
-------------------------+-------+-------+-------++-------
Melee: War axe           |   107 |   158 |   184 ||   449
  Eat: Chunk             |     1 |     5 |     8 ||    14
Armor: Scale mail        |    48 |    36 |       ||    84
       Plate armour      |       |    37 |   101 ||   138
Dodge: Dodged            |    34 |    33 |    25 ||    92
Block: Shield            |    53 |    80 |    85 ||   218
